 Dungeon Crawl Stone Soup version 0.23-a0-448-g1c01f63 (webtiles) character file.

60 galech the Skirmisher (level 3, 0/29 HPs)
             Began as a Demonspawn Fighter on Nov 19, 2018.
             Succumbed to an adder's poison
             ... on level 2 of the Dungeon.
             The game lasted 00:00:53 (981 turns).

galech the Skirmisher (Demonspawn Fighter)           Turns: 981, Time: 00:00:54

Health: 0/29       AC:  6    Str: 21    XL:     3   Next: 80%
Magic:  3/3        EV:  7    Int:  9    God:
Gold:   17         SH:  9    Dex: 13    Spells: 2/2 levels left

rFire    . . .     SeeInvis .   a - +0 war axe
rCold    + . .     Gourm    .   c - +0 shield
rNeg     . . .     Faith    .   b - +0 scale mail
rPois    .         Spirit   .   (no helmet)
rElec    .         Reflect  .   (no cloak)
rCorr    .         Harm     .   (no gloves)
MR       .....                  (no boots)
Stlth    ..........             (no amulet)
HPRegen  0.09/turn              (no ring)
MPRegen  0.08/turn              (no ring)

@: mighty, lethally poisoned (0 -> -6)
A: talons 1, cold resistance 1
a: no special abilities


You were on level 2 of the Dungeon.
You were not hungry.

You visited 1 branch of the dungeon, and saw 2 of its levels.

You collected 17 gold pieces.

Inventory:

Hand Weapons
 a - a +0 war axe (weapon)
Armour
 b - a +0 scale mail (worn)
 c - a +0 shield (worn)
Scrolls
 g - a scroll of remove curse {unknown}
 k - a scroll of immolation {unknown}
 m - a scroll of teleportation {unknown}
Potions
 e - a potion of haste {unknown}
 h - 2 potions of magic {unknown}
 i - a potion of agility {unknown}
 l - a potion of heal wounds {unknown}
Comestibles
 f - 4 rations


   Skills:
 + Level 3.2 Fighting
 + Level 2.7 Axes
 + Level 3.2 Armour
 + Level 3.0 Shields


You had 2 spell levels left.
You didn't know any spells.
Your spell library was empty.

Dungeon Overview and Level Annotations

Branches:
Dungeon (2/15)

Altars:


Innate Abilities, Weirdness & Mutations

You have sharp toenails.
Your flesh is cold resistant. (rC+)


Message History

You hit the adder. Your kick misses the adder.
The adder is heavily wounded.
The adder bites you but does no damage.
Your shield and scale mail prevent you from hitting the adder.
The adder is heavily wounded.
You feel sick.
You are no longer poisoned.
The adder bites you but does no damage. You block the adder's attack.
You feel very mighty all of a sudden. The adder closely misses you.
The adder bites you.
* * * LOW HITPOINT WARNING * * *
You are lethally poisoned!
The adder poisons you!
You closely miss the adder. You claw the adder.
You kill the adder!
* * * LOW HITPOINT WARNING * * *
You feel sick. You block the hobgoblin's attack.
You slice the hobgoblin!!
You kill the hobgoblin!
You die...

.?..... ....... %
....... .. .......
... ....... ?.##
....... ...≈≈
.......########≈.≈≈≈≈
.......).<@$b...≈≈≈≈≈
####.########.#≈.≈≈≈≈
#.# ≈≈≈≈≈ #.. ≈≈≈♣
#.#. ≈≈. ....≈ ≈. ...
.≈ ≈ ... .≈≈


You could see a bat.

Vanquished Creatures
  2 adders (D:2)
  2 oozes (D:1)
  A worm (D:2)
  A dart slug (D:1)
  A leopard gecko (D:1)
  2 goblins (D:1)
  5 hobgoblins
  4 jackals (D:2)
  A ball python (D:1)
  3 bats (D:1)
  A frilled lizard (D:1)
  2 kobolds
  4 rats
29 creatures vanquished.

Notes
Turn   | Place    | Note
-------+----------+-------------------------------------------
     0 | D:1      | galech the Demonspawn Fighter began the quest for the Orb.
     0 | D:1      | Reached XP level 1. HP: 18/18 MP: 1/1
   324 | D:1      | Gained mutation: Your flesh is cold resistant. (rC+)
                  | [demonic ancestry]
   324 | D:1      | Reached XP level 2. HP: 24/24 MP: 2/2
   919 | D:2      | Gained mutation: You have sharp toenails. [demonic
                  | ancestry]
   919 | D:2      | Reached XP level 3. HP: 23/29 MP: 3/3
   980 | D:2      | HP: 1/29 [poisoned by an adder]
   981 | D:2      | Succumbed to an adder's poison

Vault maps used:
D:1:      dpeg_arrival_leaves_temple_mockup, minmay_misc_feat_tower
D:2:      nicolae_ashenzari_panopticon, overflow_temple_1_default, first_ration,
          chequers_ecumenical_altar_island

Skill      XL: |  1  2  3 |
---------------+----------+-----
Axes           | 2 |  2.7
Shields        | 3 |  3.0
Armour         | 3 |  3.2
Fighting       | |  3.2

Action                   || total
-------------------------++-------
Melee: War axe           ||   100
       Kick              ||    11
  Use: Potion            ||     1
Armor: Scale mail        ||    58
Dodge: Dodged            ||    29
Block: Shield            ||    52

Table legend:
 A = Non-vault XP
 B = Vault XP
 C = Vault XP percentage of total XP
 D = Non-vault monster count
 E = Vault monster count
 F = Vault count percentage of total count
                 A         B        C        D         E       F
            +---------+---------+-------+---------+---------+-------
      Total |      86 |       0 |   0.0 |      29 |       0 |   0.0
            +---------+---------+-------+---------+---------+-------
        D:1 |      37 |       0 |   0.0 |      16 |       0 |   0.0
        D:2 |      49 |       0 |   0.0 |      13 |       0 |   0.0
            +---------+---------+-------+---------+---------+-------
